 Dungeon Crawl Stone Soup version 0.32-a0-599-gba8f9cf90e (webtiles) character file.

Game seed: 13197349211754851703

499 cforsyth the Grave Robber (level 6, 0/56 HPs)
             Began as a Mountain Dwarf Necromancer on Mar 2, 2024.
             Slain by a scorpion (6 damage)
             ... on level 5 of the Dungeon.
             The game lasted 00:09:35 (5157 turns).

cforsyth the Grave Robber (MDNe)                    Turns: 5157, Time: 00:09:38

Health: 0/56       AC: 10    Str: 11    XL:     6   Next: 94%
Magic:  8/8        EV:  2    Int: 17    God:
Gold:   182        SH:  0    Dex: 10    Spells: 7/8 levels left

rFire   . . .        o - +0 hand axe
rCold   . . .        (no shield)
rNeg    . . .        j - +0 plate armour
rPois   .            (no helmet)
rElec   .            (no cloak)
rCorr   .            (no gloves)
SInv    .            (no boots)
Will    .....        (no amulet) Stlth
                     (no ring)
HPRegen 0.29/turn    (no ring)
MPRegen 0.11/turn

%: no passive effects
@: lethally poisoned (0 -> -14)
A: runic magic, artefact enchanting
a: no special abilities


You were on level 5 of the Dungeon.
You visited 1 branch of the dungeon, and saw 5 of its levels.

You collected 182 gold pieces.


Innate Abilities, Weirdness & Mutations

Your spellcasting is much less encumbered by armour.
You can use scrolls of enchantment on lesser artefacts.


   Skills:
 + Level 5.4 Fighting
 - Level 1.3 Dodging
 - Level 1.4 Stealth
 - Level 1.7 Spellcasting
 + Level 7.2 Necromancy


You had 7 spell levels left.
You knew the following spells:

 Your Spells              Type           Power      Damage    Failure   Level
X - Necrotise             Necr           100%       1d9       4%          1

Your spell library contained the following spells:

 Spells                   Type           Power      Damage    Failure   Level
 Vampiric Draining        Necr           26%        2d7       14%         3
 Animate Dead             Necr           26%        N/A       41%         4
 Curse of Agony           Necr           26%        N/A       77%         5
 Mercury Vapours          Alch/Air       2%         N/A       78%         2
 Mephitic Cloud           Conj/Alch/Air  1%         N/A       95%         3
 Freezing Cloud           Conj/Ice/Air   0%         6-21      100%        5

Inventory:

Hand Weapons
 o - a +0 hand axe (weapon)
Armour
 j - a +0 plate armour (worn)
 l - a +0 helmet
 n - a +0 pair of gloves
Wands
 r - a wand of charming (4)
Scrolls
 c - 3 scrolls of identify {@r1}
 e - 2 scrolls of amnesia
Potions
 a - a potion of attraction
 b - a potion of magic
 d - 2 potions of haste {@q3}
 h - 3 potions of lignification
 k - a potion of enlightenment

Dungeon Overview and Level Annotations

Branches:
Dungeon (5/15)
 Temple: D:4-7

Altars:
The Shining One

Shops:
D:2 :

Annotations:
D:4 Dowan, Duvessa
D:5 Eustachio

##.# #...........##.#
#.§###...#..##.####.#
#..g.@.g..B##### #g#
#..###g.#.## #.# ####
#gW..# #.g...
###5#### ####..
#..br..# . #.§§s..#
#...@..# ########


You could see a scorpion, 2 gnolls, a white imp (distracted, ally target), the
friendly Eustachio (charmed), a friendly bat (summoned) and a friendly rat
(summoned).


Message History

* * * LOW HITPOINT WARNING * * *
You feel extremely sick.
Your bat hits the white imp but does no damage.
Your bat closely misses the white imp. x2; Your rat barely misses the scorpion.
Eustachio barely misses the gnoll.
Your bat hits the white imp but does no damage.
The scorpion stings you but does no damage.
The white imp gestures at your bat. The puff of frost hits your bat!
Your bat dies!
Your bat's corpse disappears in a puff of smoke!
Unknown command.
As you read the scroll of teleportation {@r2}, it crumbles to dust.
You feel strangely unstable.
* * * LOW HITPOINT WARNING * * *
You feel very sick.
Eustachio hits the gnoll with a +0 falchion.
The scorpion stings you.
* * * LOW HITPOINT WARNING * * *
Your bat hits the white imp but does no damage.
The white imp closely misses your rat.
Unknown command.
It was a potion of cancellation.
You feel strangely stable.
You feel magically purged.
* * * LOW HITPOINT WARNING * * *
You feel very sick.
Your bat hits the white imp but does no damage. x2
The scorpion stings you.
You die...

Skill      XL: |  1  2  3  4  5  6 |
---------------+-------------------+-----
Fighting       | 1 2 3 4 5 |  5.4
Necromancy     | 5 6 7 |  7.2
Dodging        | |  1.3
Stealth        | |  1.4
Spellcasting   | |  1.7

Action                     |  1- 3 |  4- 6 || total
---------------------------+-------+-------++-------
  Melee: Unarmed           |    16 |    17 ||    33
         Punch             |       |     1 ||     1
         Hand axe          |       |    33 ||    33
   Cast: Necrotise         |    70 |   151 ||   221
  Evoke: Wand              |       |     4 ||     4
    Use: Potion            |       |     6 ||     6
         Scroll            |       |     8 ||     8
 Armour: Robe              |     4 |       ||     4
         Skin              |    10 |     4 ||    14
         Plate armour      |     5 |   143 ||   148
  Dodge: Dodged            |    17 |    13 ||    30

Levels and vault maps discovered:
D:1:      eino_arrival_cavern_d, layout_loops_ring
D:2:      layout_loops_ring, shapermc_ecumenical_altar_mp_vishouse,
          serial_shops, nicolae_book_shop_shelving, minmay_rat_hole
D:3:      layout_loops_ring, nicolae_tso_swordbearing_angel
D:4:      layout_loops_cross, minmay_misc_feat_pillars, minmay_ogre_servants,
          uniq_duvessa, uniq_robin
D:5:      layout_rooms, demons_altar, hangedman_ru_absence,
          gup_sewer_entry_bubbles, uniq_eustachio

Notes
Turn   | Place    | Note
-------+----------+-------------------------------------------
     0 | D:1      | cforsyth the Mountain Dwarf Necromancer began the quest for
                  | the Orb.
     0 | D:1      | Reached XP level 1. HP: 14/14 MP: 3/3
    50 | D:1      | Reached skill level 1 in Fighting
    89 | D:1      | Reached XP level 2. HP: 23/23 MP: 0/4
   908 | D:1      | Reached skill level 2 in Fighting
   933 | D:1      | Reached skill level 5 in Necromancy
   933 | D:1      | Reached XP level 3. HP: 29/29 MP: 3/5
  1614 | D:2      | Found Ritsetig's Book Shoppe.
  1729 | D:2      | Found a faded altar of an unknown god.
  1865 | D:2      | Reached XP level 4. HP: 31/37 MP: 1/6
  2083 | D:2      | Reached skill level 3 in Fighting
  2474 | D:3      | Reached XP level 5. HP: 44/45 MP: 1/7
  2892 | D:3      | Reached skill level 6 in Necromancy
  3231 | D:3      | Found a glowing golden altar of the Shining One.
  3710 | D:4      | Reached skill level 4 in Fighting
  3811 | D:4      | HP: 5/69 [burnt (2)]
  3817 | D:4      | Reached XP level 6. HP: 13/53 MP: 1/8
  4174 | D:4      | Noticed Robin
  4326 | D:4      | Reached skill level 5 in Fighting
  4396 | D:4      | Killed Robin
  4603 | D:4      | Reached skill level 7 in Necromancy
  4779 | D:4      | Noticed Dowan
  4779 | D:4      | Noticed Duvessa
  5092 | D:5      | Entered Level 5 of the Dungeon
  5111 | D:5      | Noticed Eustachio
  5157 | D:5      | Slain by a scorpion

Vanquished Creatures
  A bombardier beetle (D:4)
  A jelly (D:4)
  3 orc priests
  4 orc wizards
  Robin (D:4)
  7 gnolls
  6 adders
  A ribbon worm (D:2)
  10 orcs
  9 ball pythons
  5 endoplasms
  5 giant cockroaches
  15 goblins
  7 hobgoblins
  4 jackals (D:1)
  5 quokkas
  5 bats
  3 frilled lizards (D:3)
  3 kobolds
  15 rats
110 creatures vanquished.

Vanquished Creatures (collateral kills)
  An endoplasm (D:1)
  A hobgoblin (D:4)
  A goblin (D:4)
  8 rats (D:2)
11 creatures vanquished.

Grand Total: 121 creatures vanquished

Table legend: (Time is in decaauts)
 A = Elapsed time spent in this place.
 B = Non-inter-level travel time spent in this place.
 C = Inter-level travel time spent in this place.
 D = Time resting spent in this place.
 E = Time spent auto-exploring this place.
 F = Levels seen in this place.
 G = Mean time per level.
                   A        B        C        D        E       F      G
               +--------+--------+--------+--------+--------+-----+--------+
         Total |   5152 |   4990 |    162 |    368 |   3773 |   5 | 1030.4 |
       Dungeon |   5152 |   4990 |    162 |    368 |   3773 |   5 | 1030.4 |
               +--------+--------+--------+--------+--------+-----+--------+

Top non-repeatable levels by time:
     D:3: 1478 daAuts
     D:4: 1314 daAuts
     D:2: 1211 daAuts
     D:1: 1078 daAuts
     D:5: 69 daAuts

Table legend:
 A = Non-vault XP
 B = Vault XP
 C = Vault XP percentage of total XP
 D = Non-vault monster count
 E = Vault monster count
 F = Vault count percentage of total count
                 A         B        C        D         E       F
            +---------+---------+-------+---------+---------+-------
      Total |     659 |      55 |   7.7 |      90 |      31 |  25.6
            +---------+---------+-------+---------+---------+-------
        D:1 |      44 |       0 |   0.0 |      25 |       0 |   0.0
        D:2 |      61 |      20 |  24.7 |      15 |      19 |  55.9
        D:3 |     149 |       0 |   0.0 |      22 |       0 |   0.0
        D:4 |     351 |      35 |   9.1 |      24 |      12 |  33.3
        D:5 |      54 |       0 |   0.0 |       4 |       0 |   0.0
            +---------+---------+-------+---------+---------+-------
